 Dungeon Crawl Stone Soup version 0.30-a0-778-g2ef04afb54 (webtiles) character file.

Game seed: 1839169017500927192

128319 Ceno the Marksfrog (level 17, -17/115 HPs)
             Began as a Barachi Hexslinger on Feb 16, 2023.
             Was the Champion of Hepliaklqana.
             Demolished by Agnes
             ... wielding a +4 lajatang of pain
              (29 damage)
             ... on level 15 of the Dungeon.
             The game lasted 01:59:03 (28489 turns).

Ceno the Marksfrog (Barachi Hexslinger)            Turns: 28489, Time: 01:59:04

Health: -17/115    AC: 16    Str: 17    XL:     17   Next: 3%
Magic:  7/23       EV: 18    Int: 16    God:    Hepliaklqana [******]
Gold:   2126       SH:  0    Dex: 19    Spells: 9/24 levels left

rFire   + . .      SeeInvis .    a - +3 arbalest (flame)
rCold   . . .      Faith    .    (shield currently unavailable)
rNeg    . . .      Spirit   .    L - +0 steam dragon scales
rPois   .          Reflect  .    e - +2 helmet
rElec   .          Harm     .    j - +2 cloak
rCorr   .          Rampage  .    (no gloves)
Will    +....                    f - +2 pair of boots
Stlth   +++                      (no amulet)
HPRegen 0.39/turn                F - ring "Quesk" {Wiz rF+ Str+4 Int+2}
MPRegen 0.18/turn                H - ring of willpower

@: weak-willed, unable to hop, slow
A: reduced essence, amphibious, slowness 1, strong legs 2, +LOS
a: Hop, Renounce Religion, Recall Ancestor, Ancestor Identity, Transference,
Idealise


You were on level 15 of the Dungeon.
You worshipped Hepliaklqana.
Hepliaklqana was exalted by your worship.
You visited 4 branches of the dungeon, and saw 23 of its levels.
You also visited: Ice Cave and Volcano.

You collected 2441 gold pieces.
You spent 315 gold pieces at shops.

Inventory:

Hand Weapons
 a - a +3 arbalest of flaming (weapon)
 b - a +4 scimitar of flaming
 I - a +4 great sword of freezing
Missiles
 m - 39 poisoned darts
 E - 2 throwing nets
Armour
 e - a +2 helmet (worn)
 f - a +2 pair of boots (worn)
 j - a +2 cloak (worn)
 u - +0 fire dragon scales
 L - +0 steam dragon scales (worn)
Jewellery
 d - a ring of protection from cold
 v - the ring of the Catamount {Wiz rElec}
   (You found it on level 8 of the Dungeon)

   [ring of wizardry]

   It improves your spell success rate.
   rElec:     It insulates you from electricity.
 x - a ring of positive energy
 F - the ring "Quesk" (left hand) {Wiz rF+ Str+4 Int+2}
   (You found it on level 4 of the Dungeon)

   [ring of wizardry]

   It improves your spell success rate.
   Str:       It affects your strength (+4).
   Int:       It affects your intelligence (+2).
   rF:        It protects you from fire.
 H - a ring of willpower (right hand)
 J - a ring of see invisible
 X - a ring of positive energy
Wands
 c - a wand of paralysis (10)
 h - a wand of mindburst (9)
 t - a wand of flame (32)
 y - a wand of roots (21)
 R - a wand of polymorph (4)
 S - a wand of digging (5)
 T - a wand of quicksilver (4)
Scrolls
 i - a scroll of vulnerability
 k - 4 scrolls of poison
 n - 5 scrolls of immolation
 q - 8 scrolls of silence
 r - 4 scrolls of summoning {unknown}
 s - a scroll of amnesia
 D - 3 scrolls of teleportation
 G - 4 scrolls of magic mapping
 K - 2 scrolls of fog
 N - a scroll of blinking
 V - 3 scrolls of fear {unknown}
 Z - a scroll of identify
Potions
 g - 2 potions of mutation
 l - a potion of ambrosia
 o - 2 potions of resistance
 p - 14 potions of curing
 w - 4 potions of magic
 z - 2 potions of invisibility
 C - 3 potions of cancellation
 M - 3 potions of flight
 Q - 5 potions of brilliance
 U - 3 potions of might
 Y - a potion of berserk rage


   Skills:
 - Level 10.1 Fighting
 + Level 12.3 Long Blades
 + Level 16.2 Ranged Weapons
 + Level 7.2 Armour
 - Level 10.0 Dodging
 - Level 5.0 Stealth
 - Level 4.0 Spellcasting
 + Level 13.7 Hexes
 - Level 4.0 Translocations
 - Level 4.0 Fire Magic
 - Level 8.9 Invocations


You had 9 spell levels left.
You knew the following spells:

 Your Spells              Type           Power      Damage    Failure   Level
a - Slow                  Hex            100%       N/A       1%          1
b - Inner Flame           Hex/Fire       31%        N/A       1%          3
c - Portal Projectile     Hex/Tloc       62%        N/A       1%          3
d - Cause Fear            Hex            23%        N/A       1%          4
e - Anguish               Hex/Necr       12%        N/A       4%          4

Your spell library contained the following spells:

 Spells                   Type           Power      Damage    Failure   Level
 Ensorcelled Hibernation  Hex/Ice        50%        N/A       1%          2
 Summon Guardian Golem    Hex/Summ       25%        N/A       1%          3
 Tukima's Dance           Hex            47%        N/A       1%          3
 Sandblast                Erth           6%         2d5       7%          1
 Shock                    Conj/Air       12%        1d3       7%          1
 Summon Small Mammal      Summ           12%        N/A       7%          1
 Sublimation of Blood     Necr           3%         N/A       11%         2
 Silence                  Hex/Air        12%        N/A       12%         5
 Yara's Violent Unravell  Hex/Tmut       12%        3d7       12%         5
 Passage of Golubria      Tloc           16%        N/A       13%         4
 Call Canine Familiar     Summ           3%         N/A       21%         3
 Spider Form              Tmut/Pois      3%         N/A       21%         3
 Stone Arrow              Conj/Erth      6%         3d7       21%         3
 Swiftness                Air            3%         N/A       21%         3
 Enfeeble                 Hex            23%        N/A       21%         7
 Airstrike                Air            1%         2d(1-17)  52%         4
 Animate Armour           Summ/Erth      6%         N/A       52%         4
 Petrify                  Tmut/Erth      3%         N/A       52%         4
 Blade Hands              Tmut           1%         N/A       86%         5
 Irradiate                Conj/Tmut      1%         3d12      86%         5
 Iskenderun's Battlesphe  Conj           3%         2d6       86%         5
 Lee's Rapid Deconstruct  Erth           1%         3d4*      86%         5
 Iron Shot                Conj/Erth      1%         9d1       100%        6
 Statue Form              Tmut/Erth      2%         N/A       100%        6
 Spellforged Servitor     Conj/Summ      1%         N/A       100%        7
 Lehudib's Crystal Spear  Conj/Erth      1%         10d2      100%        8


Dungeon Overview and Level Annotations

Branches:
Dungeon (15/15)            Temple (1/1) D:7            Lair (5/5) D:9
  Swamp (0/4) Lair:2       Spider (0/4) Lair:3        Slime (0/5) Lair:4
    Orc (2/2) D:11            Elf (0/3) Orc:2        Vaults (0/5) D:14
  IceCv (visited)         Volcano (visited)
 Depths: D:15

Altars:
Ashenzari
Cheibriados
Dithmenos
Elyvilon
Fedhas
Gozag
Hepliaklqana
Kikubaaqudgha
Makhleb
Nemelex Xobeh
Okawaru
Qazlal
Ru
Sif Muna
Trog
Uskayaw
Vehumet
Wu Jian
Xom
Yredelemnul
Zin
The Shining One
Jiyva
Lugonu

Shops:
D:2 [   D:8 [   D:9 [   D:10 [   D:12 ?   Orc:1 *!**   Orc:2 =?=(

Portals:
Abyss: Lair:5
Trove: D:10 (give horn of Geryon)

Annotations:
D:6 exclusion: 3 doors
D:15 Agnes
Lair:5 3 runed translucent doors, GloriousHammer's ghost, journeyman DEIE


Innate Abilities, Weirdness & Mutations

Your life essence is reduced to manifest your ancestor. (-10% HP)
You are amphibious.
You cover ground slowly.
You can hop long distances.
You have an extended range of vision and can be seen from far away.


Message History

Agnes hits you with a +4 lajatang of pain!
You writhe in agony.
There is a stone staircase leading up, spattered with blood here.
Casting: Slow (safe; 1% risk of failure)
Confirm with . or Enter, or press ? or * to list all spells.
Casting: Cause Fear (safe; 1% risk of failure)
Press: ? - help, Dir - look around, f - activate Look: Agnes, wielding a +4 lajatang of pain and wearing a +2 robe of the Archmagi (weak-willed, chance to affect: 54%) Agnes looks frightened!
You are too injured to fight recklessly!
Fire: a) +3 arbalest (flame)
Press: ? - help, Q - select action, (/) - cycle Shift-Dir - straight line, f/p - Agnes
Aim: Agnes, wielding a +4 lajatang of pain and wearing a +2 robe of the Archmagi (fleeing, weak-willed, 47% to hit)
You shoot a bolt. The bolt hits Agnes!
The bolt burns Agnes!
Your attack snaps Agnes out of her fear.
Agnes is moderately wounded.
Casting: Cause Fear (safe; 1% risk of failure)
Confirm with . or Enter, or press ? or * to list all spells.
Casting: Cause Fear (safe; 1% risk of failure)
Press: ? - help, Dir - look around, f - activate Agnes resists with almost no effort.
Agnes misses you.
Agnes hits you with a +4 lajatang of pain!!
* * * LOW HITPOINT WARNING * * *
You writhe in agony.
* * * LOW HITPOINT WARNING * * *
Casting: Cause Fear (safe; 1% risk of failure)
Confirm with . or Enter, or press ? or * to list all spells.
Casting: Cause Fear (safe; 1% risk of failure)
Press: ? - help, Dir - look around, f - activate Agnes resists with almost no effort.
Agnes hits you but does no damage.
You writhe in agony.
* * * LOW HITPOINT WARNING * * *
Casting: Cause Fear (safe; 1% risk of failure)
Confirm with . or Enter, or press ? or * to list all spells.
Casting: Cause Fear (safe; 1% risk of failure)
Press: ? - help, Dir - look around, f - activate Look: Agnes, wielding a +4 lajatang of pain and wearing a +2 robe of the Archmagi (moderately wounded, weak-willed, chance to affect: 54%) Agnes resists with almost no effort.
Agnes misses you.
Agnes hits you with a +4 lajatang of pain!!
You die...

.##...########.#### #.#
.##...#...........###### #.#
.##...#..~~~~..........###.#
.##...#...~~≈~....####.#...#
.##...#....≈~.....# #.#.###
.##...#...........####.#.#
......'...........'....#.#
###...#........†i.######.#
#...##########@## #.# #...#
#.#######.# #####
#.........# ###########


You could see Agnes (weak-willed).

Vanquished Creatures
  Jorgrun (D:14)
  Roxanne (D:14)
  An orc warlord (Orc:1)
  A stone giant (Volcano)
  Snorg (D:12)
  A hydra (D:13)
  Josephine (D:15)
  A vault guard (D:14)
  2 ogre magi (Orc:2)
  2 boulder beetles
  6 centaur warriors
  Erica (Lair:2)
  8 two-headed ogres
  2 thrashing horrors
  A skyshark (Lair:5)
  2 bog bodies (Lair:2)
  A lindwurm (Orc:2)
  2 wizards (D:14)
  4 ugly things
  2 orc knights (Orc:2)
  2 orc sorcerers
  4 cyclopes
  2 manticores
  11 elephants
  A torpor snail (D:14)
  A demonic crawler (D:14)
  2 smoke demons (Lair:5)
  An ice statue (IceCv)
  3 gargoyles
  4 cane toads
  An unseen horror (D:12)
  Maggie (D:8)
  7 komodo dragons
  An efreet (Volcano)
  2 ancient zymes (Lair:5)
  A rime drake (Lair:5)
  A yaktaur (shapeshifter) (Lair:5)
  A tengu conjurer (D:14)
  A guardian mummy (D:10)
  2 ice devils (IceCv)
  A meliai (shapeshifter) (D:15)
  A polar bear (Lair:3)
  11 trolls
  A tyrant leech (D:14)
  13 blink frogs
  4 dream sheep (Lair:5)
  8 slime creatures
  A water elemental (D:15)
  A spriggan (Lair:5)
  3 wyverns
  3 wraiths
  13 humans (D:14)
  A fire bat (Volcano)
  A fire elemental (Volcano)
  A basilisk (Lair:4)
  17 yaks
  10 vampire mosquitoes
  A steam dragon (D:10)
  A death yak simulacrum (IceCv)
  3 swamp worms (D:14)
  4 wargs
  2 harpy simulacra (IceCv)
  An acid dragon (D:11)
  3 water moccasins
  An ice beast (D:6)
  A black bear (shapeshifter) (Lair:5)
  A black bear (Lair:2)
  17 orc warriors
  19 ogres
  3 wolves (D:9)
  6 centaurs
  3 kobold brigands
  A scorpion (D:6)
  6 bullfrogs
  A gnoll sergeant (D:9)
  2 two-headed ogre simulacra (IceCv)
  4 small abominations
  An earth elemental (Volcano)
  2 cane toad simulacra (IceCv)
  5 wights
  3 killer bees (D:6)
  4 howler monkeys
  6 electric eels
  4 lava snakes (Volcano)
  2 jellies (Lair:4)
  Crazy Yiuf (D:5)
  14 orc priests
  An iguana (D:5)
  7 orc wizards
  A polar bear simulacrum (IceCv)
  6 hell rats
  2 troll simulacra (IceCv)
  2 spriggan simulacra (IceCv)
  6 gnolls
  4 adders
  4 river rats (Lair:2)
  2 shadow imps
  4 white imps
  An ufetubus (IceCv)
  6 dart slugs
  48 orcs
  4 ball pythons
  9 bats
  4 endoplasms
  4 goblins
  3 hobgoblins
  20 kobolds
  3 quokkas
  5 frilled lizards (D:2)
  8 rats
456 creatures vanquished.

Vanquished Creatures (collateral kills)
  An emperor scorpion (D:15)
  A dire elephant (D:15)
  3 hydras
  3 death yaks
  A centaur warrior (D:13)
  2 boulder beetles
  2 two-headed ogres
  2 thrashing horrors (Lair:5)
  2 deep trolls (Orc:2)
  A skyshark (Lair:4)
  2 bog bodies (Lair:2)
  A wizard (D:14)
  A lindwurm (Lair:5)
  A wolf spider (Lair:3)
  An orc knight (Orc:2)
  5 ugly things
  4 elephants
  5 cyclopes
  A large abomination (Lair:5)
  A black mamba (Lair:4)
  A smoke demon (Lair:5)
  An ice statue (IceCv)
  2 molten gargoyles (Volcano)
  3 cane toads
  6 komodo dragons
  4 trolls
  An ice devil (IceCv)
  A guardian mummy (D:10)
  A tyrant leech (D:14)
  2 polar bears
  Grinder (D:3)
  A blink frog (Lair:4)
  2 hornets
  3 dream sheep (Lair:5)
  3 slime creatures
  Sigmund (D:3)
  A ynoxinul (Lair:5)
  A centaur simulacrum (D:14)
  9 yaks
  A fire bat (Volcano)
  A wraith (D:15)
  A vampire (D:11)
  2 wyverns (D:8)
  5 small abominations (Lair:5)
  8 humans
  3 vampire mosquitoes
  3 basilisks
  A steam dragon (D:6)
  A swamp worm (Lair:2)
  5 water moccasins
  4 orc warriors
  3 black bears (D:5)
  4 ogres
  An ice beast (D:6)
  A centaur (D:13)
  3 wolves (D:9)
  A kobold brigand (D:9)
  4 bullfrogs
  A two-headed ogre simulacrum (IceCv)
  2 wights
  2 killer bees (D:6)
  4 howler monkeys
  An electric eel (Lair:2)
  A lava snake (Volcano)
  4 hounds
  6 orc priests
  A gnoll bouda (D:10)
  An iguana (D:6)
  6 orc wizards
  2 hell rats
  4 gnolls
  A river rat (Lair:2)
  8 adders
  A naga simulacrum (IceCv)
  A shadow imp (D:6)
  3 white imps
  2 ufetubi
  A worm (D:2)
  22 orcs
  A ball python (D:1)
  An endoplasm (D:2)
  A giant cockroach (D:1)
  2 goblins (D:2)
  A hobgoblin (D:3)
  2 jackals (D:3)
  5 kobolds
  4 rats
  A butterfly (Lair:2)
228 creatures vanquished.

Vanquished Creatures (others)
  20 knights
  A bush (Lair:5)
  15 fungi
  33 plants
69 creatures vanquished.

Grand Total: 753 creatures vanquished

Notes
Turn   | Place    | Note
-------+----------+-------------------------------------------
     0 | D:1      | Ceno the Barachi Hexslinger began the quest for the Orb.
     0 | D:1      | Reached XP level 1. HP: 15/15 MP: 2/2
    51 | D:1      | You fall into a shaft and drop 1 floor!
   162 | D:2      | Found Icoipp's Antique Armour Boutique.
   259 | D:2      | Reached XP level 2. HP: 21/21 MP: 3/3
   512 | D:2      | Reached skill level 3 in Ranged Weapons
   512 | D:2      | Reached XP level 3. HP: 14/26 MP: 2/4
   862 | D:1      | Found a faded altar of an unknown god.
   888 | D:1      | Prayed at the altar of an unknown god.
   888 | D:1      | Became a worshipper of Hepliaklqana the Forgotten
   888 | D:1      | Reached * piety under Hepliaklqana
  1382 | D:2      | Reached XP level 4. HP: 28/28 MP: 3/5
  1691 | D:3      | Found an iron altar of Okawaru.
  1735 | D:3      | Noticed Grinder
  1775 | D:3      | Killed Grinder
  1776 | D:3      | Reached skill level 5 in Ranged Weapons
  1776 | D:3      | Reached skill level 5 in Hexes
  1776 | D:3      | Reached XP level 5. HP: 33/33 MP: 6/6
  1776 | D:3      | Reached XP level 6. HP: 38/38 MP: 7/7
  2140 | D:3      | Noticed Sigmund
  2151 | D:3      | Killed Sigmund
  2152 | D:3      | Reached skill level 6 in Ranged Weapons
  2152 | D:3      | Reached skill level 1 in Translocations
  2152 | D:3      | Reached skill level 1 in Fire Magic
  2152 | D:3      | Reached XP level 7. HP: 42/43 MP: 6/8
  2337 | D:3      | Reached ** piety under Hepliaklqana
  2338 | D:3      | Remembered your ancestor Busisiwe as a knight
  2650 | D:4      | Identified the +6 scale mail "Ziturij" {Drain rF+ Dex+3
                  | SInv}
  2796 | D:4      | Found a blossoming altar of Fedhas.
  2854 | D:4      | Found a sacrificial altar of Ru.
  2940 | D:4      | Reached *** piety under Hepliaklqana
  3011 | D:4      | Found a shimmering blue altar of Sif Muna.
  3160 | D:4      | Identified the ring "Quesk" {Wiz rF+ Str+4 Int+2}
  3475 | D:4      | Learned a level 3 spell: Inner Flame
  3479 | D:4      | Learned a level 3 spell: Portal Projectile
  3480 | D:5      | Entered Level 5 of the Dungeon
  4098 | D:5      | Found a runed translucent door.
  4099 | D:5      | Noticed Crazy Yiuf
  4142 | D:5      | Reached skill level 7 in Ranged Weapons
  4142 | D:5      | Reached XP level 8. HP: 48/48 MP: 2/9
  4496 | D:5      | Killed Crazy Yiuf
  4620 | D:6      | Found a hide-covered altar of Uskayaw.
  4670 | D:6      | Reached skill level 8 in Ranged Weapons
  4758 | D:6      | Reached **** piety under Hepliaklqana
  4810 | D:6      | Reached skill level 1 in Stealth
  5025 | D:6      | Reached XP level 9. HP: 56/56 MP: 8/10
  5428 | D:6      | Noticed a boulder beetle
  5575 | D:6      | HP: 2/87 [killer bee (3)]
  5918 | D:7      | Found a hazy altar of Hepliaklqana.
  6439 | D:7      | Found a staircase to the Ecumenical Temple.
  6448 | Temple   | Entered the Ecumenical Temple
  6730 | D:7      | Reached skill level 9 in Ranged Weapons
  6860 | D:8      | Reached skill level 5 in Fighting
  6886 | D:8      | Noticed Maggie
  6919 | D:8      | Killed Maggie
  7125 | D:8      | Reached XP level 10. HP: 39/68 MP: 7/11
  7788 | D:8      | Found Doicseite's Antique Armour Boutique.
  7825 | D:8      | Reached skill level 5 in Stealth
  7935 | D:8      | Identified the ring of the Catamount {Wiz rElec}
  8151 | D:9      | Reached skill level 1 in Invocations
  8195 | D:9      | Reached skill level 10 in Ranged Weapons
  8723 | D:9      | Found a staircase to the Lair.
  8736 | D:9      | Reached ***** piety under Hepliaklqana
  8884 | D:9      | Found Yremp's Armour Shoppe.
  9093 | D:9      | Reached XP level 11. HP: 73/77 MP: 11/14
  9243 | D:9      | Identified the +11 hand axe of the Distant Future {freeze,
                  | rPois rF++ Dex-2}
  9396 | D:10     | Entered Level 10 of the Dungeon
  9628 | D:10     | Found a portal to a secret trove of treasure.
  9759 | D:10     | Found Rerreps's Armour Emporium.
  9898 | D:10     | Learned a level 4 spell: Cause Fear
  9908 | D:10     | Found a basalt altar of Yredelemnul.
  9913 | D:10     | Found an ornate altar of the Wu Jian Council.
 10030 | D:10     | Noticed a two-headed ogre
 10048 | D:10     | Killed a two-headed ogre
 10430 | D:11     | Noticed a manticore
 10440 | D:11     | Killed a manticore
 10528 | Lair:1   | Entered Level 1 of the Lair of Beasts
 10729 | Lair:1   | Reached skill level 11 in Ranged Weapons
 11677 | Lair:2   | Noticed a bog body
 11684 | Lair:2   | Killed a bog body
 11685 | Lair:2   | Reached skill level 5 in Invocations
 11689 | Lair:2   | Noticed a bog body
 11699 | Lair:2   | Killed a bog body
 11750 | Lair:2   | Noticed a bog body
 11757 | Lair:2   | Killed a bog body
 11863 | Lair:2   | Found a staircase to the Swamp.
 11863 | Lair:2   | Noticed a bog body
 11876 | Lair:2   | Killed a bog body
 11885 | Lair:2   | Reached XP level 12. HP: 56/87 MP: 18/18
 12044 | Lair:2   | Noticed Erica
 12060 | Lair:2   | Killed Erica
 12061 | Lair:2   | Reached skill level 10 in Fighting
 12087 | Lair:2   | Reached skill level 5 in Dodging
 12863 | Lair:2   | Reached skill level 1 in Long Blades
 12956 | Lair:3   | Found a hole to the Spider Nest.
 13864 | Lair:4   | Found a viscous altar of Jiyva.
 13886 | Lair:4   | Noticed a boulder beetle
 13895 | Lair:4   | Killed a boulder beetle
 13896 | Lair:4   | Reached skill level 12 in Ranged Weapons
 13904 | Lair:4   | Found a frozen archway.
 13911 | IceCv    | Entered an ice cave
 15472 | IceCv    | Noticed a reaper
 16057 | Lair:4   | Found a staircase to the Slime Pits.
 16079 | Lair:4   | Gained mutation: You can hop long distances. [Barachi
                  | growth]
 16079 | Lair:4   | Reached XP level 13. HP: 92/92 MP: 13/19
 16361 | Lair:5   | Entered Level 5 of the Lair of Beasts
 16369 | Lair:5   | Reached skill level 5 in Long Blades
 16538 | Lair:5   | Found a large runed translucent door.
 16629 | Lair:5   | Found the +8 demon blade "Leech" {evervamp, Harm Drain rN+}
 17310 | Lair:5   | Found a large runed translucent door.
 17422 | Lair:5   | Reached skill level 10 in Hexes
 17445 | Lair:5   | Noticed GloriousHammer's ghost (journeyman DEIE)
 18084 | Lair:4   | Reached skill level 13 in Ranged Weapons
 18662 | Lair:5   | Reached XP level 14. HP: 99/99 MP: 13/20
 19126 | Lair:4   | HP: 4/99 [poisoned by a green ugly thing]
 20117 | Lair:5   | Found a runed translucent door.
 20121 | Lair:5   | Noticed a tentacled starspawn
 20281 | Lair:5   | Found a corrupted altar of Lugonu.
 20282 | Lair:5   | Found a one-way gate to the infinite horrors of the Abyss.
 21149 | D:11     | Identified a scroll of acquirement
 21152 | D:11     | Found a staircase to the Orcish Mines.
 21306 | D:11     | Reached ****** piety under Hepliaklqana
 21426 | D:11     | Acquired a book of Misfortune
 21429 | Orc:1    | Entered Level 1 of the Orcish Mines
 21429 | Orc:1    | Found Xite's Distillery.
 21449 | Orc:1    | Noticed an orc warlord
 21465 | Orc:1    | Killed an orc warlord
 21546 | Orc:1    | Found Iblaxibbe's General Store.
 21549 | Orc:1    | Found Ytonges's Assorted Antiques.
 21600 | Orc:1    | You fall into a shaft and drop 1 floor!
 21600 | Orc:2    | Entered Level 2 of the Orcish Mines
 21614 | Orc:2    | Found a staircase to the Elven Halls.
 21638 | Orc:2    | Found a dark tunnel.
 21652 | Volcano  | Entered a volcano
 22155 | Volcano  | Found a burning altar of Makhleb.
 22209 | Volcano  | Noticed a stone giant
 22261 | Volcano  | Killed a stone giant
 22432 | Volcano  | Reached skill level 10 in Dodging
 22788 | Orc:1    | Found Zeomon's General Store.
 23206 | Orc:2    | Reached skill level 14 in Ranged Weapons
 23385 | Orc:2    | Reached skill level 10 in Long Blades
 23417 | Orc:2    | Reached skill level 1 in Armour
 23417 | Orc:2    | Reached XP level 15. HP: 103/103 MP: 21/21
 23419 | Orc:2    | Found Leniunk's Jewellery Boutique.
 23440 | Orc:2    | Found Imynon's Antique Weapon Shoppe.
 23447 | Orc:2    | Found Qehink Utem's Magic Scroll Emporium.
 23448 | Orc:2    | Found Erchowkiu's Jewellery Emporium.
 23700 | Orc:2    | Bought 3 scrolls of teleportation for 99 gold pieces
 24275 | D:12     | Reached skill level 15 in Ranged Weapons
 24275 | D:12     | Reached XP level 16. HP: 109/109 MP: 22/22
 24363 | D:12     | Noticed Snorg
 24382 | D:12     | Killed Snorg
 24446 | D:12     | Found Otwuz's Magic Scroll Boutique.
 24456 | D:12     | Got the Treatise on Spelunking
 24463 | D:12     | Bought a scroll of enchant weapon for 90 gold pieces
 24463 | D:12     | Bought a scroll of teleportation for 36 gold pieces
 24463 | D:12     | Bought a scroll of blinking for 90 gold pieces
 24965 | D:13     | Identified the +1 leather armour of Pan-Flutes {rPois
                  | Will+}
 25928 | D:13     | Learned a level 4 spell: Anguish
 26010 | D:14     | Reached skill level 5 in Armour
 26572 | D:14     | Noticed Jorgrun
 26599 | D:14     | Killed Jorgrun
 26741 | D:14     | Identified Roxanne's Discourse on the Mantle
 26741 | D:14     | Noticed Roxanne
 26754 | D:14     | Killed Roxanne
 27021 | D:14     | Reached skill level 16 in Ranged Weapons
 27093 | D:14     | Found a gate to the Vaults.
 27396 | D:15     | Entered Level 15 of the Dungeon
 27653 | D:15     | Noticed Agnes
 27769 | D:15     | Noticed Josephine
 27778 | D:15     | Killed Josephine
 28120 | D:15     | Reached XP level 17. HP: 93/115 MP: 23/23
 28489 | D:15     | Demolished by Agnes

Illustrated notes

Levels and vault maps discovered:
D:1:      mrwooster_arrival_statue, layout_loops_cross,
          hellmonk_ecumenical_altar_blasted, minmay_tromino_i2
D:2:      layout_loops_cross, serial_shops, shop,
          wander_ebering_terrifying_dragon_lair
D:3:      layout_rooms, mainiacjoe_overflow_24_doors, kennysheep_generic_room_5,
          uniq_sigmund, uniq_grinder
D:4:      layout_layer_cave, lemuel_doored_altar, nicolae_ru_awakened_eye,
          nicolae_overflow_crystal_walls
D:5:      layout_loops_ring, uniq_crazy_yiuf_cottage
D:6:      minmay_chambers_of_threes, layout_cave_pods,
          mainiacjoe_overflow_catwalk
D:7:      layout_basic, nzn_hepliaklqana_mist_gate, minmay_temple_entry_mist,
          minmay_circle_x
D:8:      layout_basic, serial_shops, shop, uniq_maggie
D:9:      layout_basic, erik_lair_island, serial_shops,
          nicolae_inconvenience_store, evilmike_butchery
D:10:     layout_roguey, mainiacjoe_overflow_catwalk_spiral, serial_rivers,
          chequers_serial_rivers_small_3, chequers_serial_rivers_large_a,
          chequers_serial_rivers_small_a, chequers_serial_rivers_micro_e,
          chequers_serial_rivers_marsh, nicolae_trove_entry_path_of_doom,
          serial_shops, nicolae_shop_window_shopping
D:11:     layout_basic, david_orc_2, item_on_display_a
D:12:     layout_cave_pools, serial_shops, shop, uniq_snorg
D:13:     layout_gridville
D:14:     layout_irregular_city, grunt_vaults_entry_tiered, serial_park_gazebo
          [serial_park_minivault_5x5_3], worms_lemuel, uniq_roxanne,
          uniq_jorgrun
D:15:     hangedman_depths_entry_try_elsewhere_first, layout_basic,
          minmay_crystal_water, uniq_josephine, uniq_agnes
Temple:   jpeg_temple_clearing
Lair:1:   layout_loops_ring, gauntlet_entry_generic
Lair:2:   layout_small_grid, nicolae_swamp_entry_splash_gauntlet,
          kennysheep_abandoned_house, serial_bayou_shore_b,
          serial_bayou_shore_a, lemuel_fruit_fields, uniq_erica
Lair:3:   layout_regular_city, spider_nest_entry_rubble
Lair:4:   layout_gridlike, nicolae_slime_entry_field_trip,
          portal_ice_cave_entry_pillars_1
Lair:5:   hellmonk_lair_end_abyssal_woods, layout_hall_layers,
          ebering_ghost_disaster_area, dreamdust_deal_with_the_devil,
          pdpol_lair_cabin_in_the_woods, infiniplex_staircase_pool_2
Orc:1:    layout_caves, serial_shops, shop, nicolae_shop_window_shopping, shop,
          shop
Orc:2:    st_orc_open, layout_caves, nicolae_volcano_entry_vermiform

Skill      XL: |  1  2  3  4  5  6  7  8  9 10 11 12 13 14 15 16 |
---------------+-------------------------------------------------+-----
Ranged Weapons | 3 5 6 7 8 9 10 11 12 13 14 15 16 | 16.2
Hexes          | 4 5 7 8 9 10 12 13 | 13.7
Translocations | 1 3 4 |  4.0
Fire Magic     | 1 3 4 |  4.0
Fighting       | 3 5 7 9 10 | 10.1
Stealth        | 2 4 5 |  5.0
Invocations    | 3 5 7 8 |  8.9
Spellcasting   | 2 4 |  4.0
Dodging        | 4 6 8 10 | 10.0
Long Blades    | 4 7 10 12 | 12.3
Armour         | 1 3 7 |  7.2

Action                     |  1- 3 |  4- 6 |  7- 9 | 10-12 | 13-15 | 16-18 || total
---------------------------+-------+-------+-------+-------+-------+-------++-------
  Melee: Scimitar          |       |       |       |    53 |    79 |    11 ||   143
         Punch             |       |       |       |     2 |     1 |       ||     3
   Fire: Sling             |   120 |    69 |   308 |    93 |       |       ||   590
         Shortbow          |       |       |       |   607 |   339 |       ||   946
         Arbalest          |       |       |       |       |   329 |   234 ||   563
  Throw: Dart              |       |       |     2 |     3 |    16 |    10 ||    31
   Cast: Slow              |    21 |    29 |    72 |    77 |    29 |    15 ||   243
         Inner Flame       |       |       |    16 |    30 |    83 |    14 ||   143
         Portal Projectile |       |       |     4 |    11 |     9 |     7 ||    31
         Cause Fear        |       |       |       |     7 |    12 |     5 ||    24
 Invoke: Ancestor Life: Kn |       |       |     1 |       |       |       ||     1
         Recall Ancestor   |       |       |       |     2 |     6 |       ||     8
         Idealise          |       |       |       |     2 |     4 |     4 ||    10
         Transference      |       |       |       |       |     1 |       ||     1
Ability: Hop               |     5 |     3 |     6 |    21 |    26 |     7 ||    68
  Evoke: Wand              |       |       |       |     7 |       |       ||     7
    Use: Scroll            |       |       |    14 |    10 |    17 |     6 ||    47
         Potion            |       |       |     3 |     3 |     1 |     2 ||     9
   Stab: Distracted        |       |       |       |     1 |     3 |       ||     4
 Armour: Robe              |    11 |     4 |    11 |       |       |       ||    26
         Skin              |       |       |    56 |       |       |       ||    56
         Leather armour    |       |       |     2 |       |       |       ||     2
         Steam dragon scal |       |       |     1 |    87 |    83 |    41 ||   212
  Dodge: Dodged            |    52 |     8 |    54 |   133 |   213 |    83 ||   543

Table legend: (Time is in decaauts)
 A = Elapsed time spent in this place.
 B = Non-inter-level travel time spent in this place.
 C = Inter-level travel time spent in this place.
 D = Time resting spent in this place.
 E = Time spent auto-exploring this place.
 F = Levels seen in this place.
 G = Mean time per level.
                   A        B        C        D        E       F      G
               +--------+--------+--------+--------+--------+-----+--------+
         Total |  31579 |  30404 |   1175 |   8286 |  14765 |  25 | 1263.2 |
       Dungeon |  17532 |  16786 |    746 |   3611 |   9393 |  15 | 1168.8 |
        Temple |    105 |     85 |     20 |      0 |     66 |   1 |  105.0 |
          Lair |   9239 |   8922 |    317 |   2921 |   4001 |   5 | 1847.8 |
  Orcish Mines |   2164 |   2072 |     92 |    377 |   1092 |   2 | 1082.0 |
      Ice Cave |   1642 |   1642 |      0 |   1123 |     24 |   1 | 1642.0 |
       Volcano |    896 |    896 |      0 |    252 |    187 |   1 |  896.0 |
               +--------+--------+--------+--------+--------+-----+--------+

Top non-repeatable levels by time:
  Lair:5: 2994 daAuts
  Lair:4: 2739 daAuts
    D:13: 1723 daAuts
   IceCv: 1642 daAuts
  Lair:2: 1623 daAuts
    D:14: 1516 daAuts
     D:8: 1467 daAuts
     D:4: 1343 daAuts
   Orc:2: 1330 daAuts
     D:7: 1328 daAuts
     D:6: 1260 daAuts
    D:10: 1245 daAuts
     D:5: 1224 daAuts
     D:9: 1172 daAuts
  Lair:1: 1063 daAuts
